AoeStats
← [GG] Trezeguet

Arena

510228785Analyzed
1v1 RM · 1d ago on Sep 30, 2026· 29m 52s· 2 players
Game mode
Random Map
Map size
Tiny (2 player)
Population
200
Speed
Normal
Resources
Standard
Victory
Conquest
Starting age
Dark Age
Ending age
Imperial Age
RankedLock teamsTeams togetherTeam positionsShared explorationLock speedFull tech treeHidden civsTurbo modeCheats
Victory
Defeat
🇧🇷 Malians · Brazil
1098
+17
🇨🇴 Aztecs · Colombia
1111
-17
[GG] Trezeguet
6:59 Loom
9:04 Feudal Age
10:13 Double-Bit Axe
17:25 Castle Age
16:07 Bloodlines
16:43 Horse Collar
22:11 Scale Mail Armor
22:53 Scale Barding Armor
27:49 Chain Mail Armor
29:13 Wheelbarrow
29:40 Heavy Plow
VLC | Fundador
10:47 Feudal Age
14:40 Castle Age
12:48 Loom
13:04 Double-Bit Axe
13:35 Gold Mining
14:48 Scale Mail Armor
15:40 Squires
20:41 Forging
20:58 Eagle Warrior
22:13 Stone Mining
22:53 Fervor
23:38 Sanctity
25:11 Town Watch
27:18 Fletching
28:36 Crossbowman
30:14 Wheelbarrow
30:03 Bodkin Arrow
30:08 Padded Archer Armor
Connection lost

Rejoining the realm…

Still unreachable

The connection could not be restored.

Session expired

The server has moved on; the page needs a fresh start.